Map: Acid Plant LE

Players

Sioras

  • Race: Zerg Zerg
  • League: Master
  • Spawn Location: 11:00

uThermal - Winner!

  • Race: Terran Terran
  • Spawn Location: 5:00

Event: WESG 2017 Haikou

VOD

Have the link to the VOD?

Description

Time

  • Played on: March 15, 2018, 5:12 a.m.
  • Length: 11:08

All games in this series

Show
View Real Time Build Order
Export as new Build Order

Sioras Zerg 

Build Orders: Pool First 

Get SALT Encoding   

  12  0:01  Drone  
  13  0:08  Drone  
  14  0:17  Overlord  
  14  0:23  Extractor, Drone  
  15  0:35  Drone  
  15  0:36  Drone  
  17  0:44  Spawning Pool  
  17  0:48  Drone  
  17  1:08  Hatchery  
  17  1:11  Drone  
  17  1:13  Extractor  
  17  1:16  Drone  
  17  1:19  Drone  
  18  1:30  Queen  
  20  1:33  Drone  
  20  1:39  Overlord  
  21  1:49  Zergling x2  
  22  1:59  Zergling x2  
  23  2:05  Queen  
  25  2:09  Drone  
  26  2:15  Metabolic Boost  
  26  2:19  Queen  
  26  2:20  Drone  
  29  2:23  Drone  
  30  2:35  Drone x2  
  32  2:37  Overlord  
  32  2:38  Drone  
  32  2:41  Drone  
  34  2:46  Drone, Spore Crawler  
  34  2:49  Overlord  
  35  2:52  Drone  
  35  2:56  Overlord  
  36  3:01  Queen  
  36  3:05  Drone  
  39  3:11  Drone  
  40  3:15  Drone  
  40  3:18  Drone  
  42  3:22  Drone x2  
  42  3:23  Drone  
  45  3:27  Hatchery  
  45  3:33  Drone x2  
  46  3:34  Drone  
  46  3:35  Drone  
  46  3:37  Zergling x2  
  49  3:41  Queen  
  49  3:43  Zergling x2  
  49  3:44  Zergling x2  
  53  3:51  Overlord  
  53  3:53  Drone  
  53  3:54  Drone  
  53  3:55  Extractor, Drone  
  55  3:58  Baneling Nest  
  55  3:59  Drone  
  55  4:03  Drone  
  55  4:07  Overlord  
  56  4:11  Drone  
  56  4:14  Drone x2  
  56  4:15  Zergling x2  
  60  4:20  Queen  
  60  4:21  Zergling x2  
  63  4:27  Spore Crawler  
  63  4:30  Spore Crawler  
  61  4:33  Zergling x8  
  61  4:38  Drone  
  66  4:39  Overlord  
  66  4:42  Drone  
  66  4:45  Spore Crawler  
  66  4:47  Evolution Chamber  
  66  4:48  Evolution Chamber  
  66  4:50  Drone x2  
  66  4:51  Drone x2  
  68  4:53  Zergling x4  
  68  4:57  Drone  
  71  5:03  Drone x5  
  76  5:09  Queen  
  76  5:12  Drone x3  
  76  5:14  Drone x2  
  82  5:21  Zerg Ground Armor Level 1, Zerg Melee Weapons Level 1  
  83  5:24  Drone  
  83  5:26  Lair  
  85  5:28  Drone  
  85  5:30  Drone  
  85  5:31  Drone  
  85  5:33  Drone  
  85  5:34  Drone  
  85  5:35  Extractor x2  
  87  5:37  Drone  
  88  5:46  Hatchery  
  88  5:47  Overlord x2  
  87  5:51  Zergling x6  
  90  6:04  Baneling x6, Overlord x2  
  90  6:06  Zergling x2  
  90  6:07  Zergling x8  
  90  6:10  Overlord  
  95  6:13  Drone x2  
  97  6:18  Zergling x2  
  97  6:22  Overlord x2  
  97  6:23  Overlord, Zergling x2  
  97  6:24  Zergling x8  
  103  6:32  Centrifical Hooks  
  103  6:34  Baneling x2  
  103  6:45  Zergling x10  
  106  6:54  Overlord  
  106  6:55  Zergling x12  
  112  7:02  Overlord, Zergling x2  
  112  7:03  Zergling x4  
  113  7:15  Zergling x14  
  119  7:22  Baneling  
  119  7:23  Baneling x4  
  119  7:27  Zergling x16  
  122  7:31  Hatchery  
  122  7:33  Drone x3  
  116  7:37  Drone x2  
  116  7:39  Extractor  
  116  7:40  Queen  
  110  7:45  Zergling x2  
  110  7:46  Zergling x6  
  110  7:50  Drone  
  114  7:52  Baneling  
  114  7:53  Baneling x5  
  114  7:57  Zergling x10  
  114  7:58  Zergling x8  
  123  8:04  Baneling x3  
  123  8:05  Zerg Ground Armor Level 2, Baneling x5  
  123  8:06  Overseer, Zerg Melee Weapons Level 2  
  123  8:09  Zergling x8  
  127  8:20  Baneling x3, Zergling x2  
  127  8:21  Zergling x10  
  127  8:26  Baneling  
  127  8:27  Baneling, Zergling x2  
  133  8:28  Zergling x2  
  133  8:32  Drone x2  
  133  8:35  Drone  
  133  8:36  Drone x3  
  133  8:37  Drone  
  138  8:43  Zergling x2  
  138  8:44  Zergling x4  
  138  8:45  Zergling x2  
  141  8:50  Zergling x10  
  146  8:57  Baneling x4, Overlord  
  146  8:58  Zergling x6  
  146  9:00  Hydralisk Den, Zergling x2  
  146  9:02  Baneling x2  
  149  9:03  Baneling x3  
  149  9:05  Infestation Pit  
  149  9:08  Zergling x10  
  154  9:15  Baneling  
  154  9:16  Baneling x4  
  152  9:17  Zergling x8  
  149  9:25  Zergling x10  
  149  9:30  Zergling x8  
  149  9:38  Zergling x10  
  146  9:45  Hatchery  
  139  9:48  Zergling x2  
  139  9:49  Zergling x2  
  139  9:51  Zergling x8  
  133  10:00  Hatchery  
  125  10:07  Zergling x10  
  125  10:12  Queen  
  126  10:17  Zergling x8  
  130  10:25  Baneling x19  
  130  10:27  Zergling x8  
  134  10:28  Baneling  
  134  10:32  Zergling x2  
  134  10:33  Overseer  
  134  10:35  Baneling  
  135  10:41  Zergling x2  
  135  10:42  Zergling x6  
  129  10:47  Zergling x2  
  129  10:48  Zergling x12  
Show
View Real Time Build Order
Export as new Build Order

uThermal Terran - Winner!

Build Orders: Reaper Expand, Bio Tank 

Get SALT Encoding   

  12  0:01  SCV  
  13  0:13  SCV  
  14  0:17  Supply Depot  
  14  0:25  SCV  
  15  0:38  SCV  
  15  0:40  Barracks  
  16  0:44  Refinery  
  16  0:50  SCV  
  17  1:03  SCV  
  18  1:15  SCV  
  19  1:27  Orbital Command, Reaper  
  20  1:39  Command Center  
  20  1:49  Supply Depot  
  20  1:53  SCV  
  21  1:59  Marine  
  22  2:05  SCV  
  22  2:07  Factory  
  23  2:12  Refinery  
  23  2:17  SCV  
  23  2:20  Barracks Reactor  
  24  2:29  SCV  
  25  2:41  SCV  
  26  2:54  SCV  
  26  2:55  Starport  
  26  2:56  Orbital Command  
  27  3:05  Hellion x2  
  30  3:06  SCV, Barracks Tech Lab  
  30  3:11  Supply Depot  
  31  3:18  SCV  
  32  3:22  SCV  
  32  3:26  Hellion x2  
  37  3:30  SCV  
  39  3:34  SCV  
  39  3:37  Banshee  
  39  3:38  Barracks Tech Lab  
  42  3:42  SCV  
  42  3:46  SCV  
  44  3:55  SCV, Command Center  
  45  3:58  SCV  
  45  4:00  Stimpack  
  45  4:02  Marine  
  47  4:05  Factory Reactor  
  47  4:07  SCV  
  47  4:09  Supply Depot  
  48  4:10  SCV  
  48  4:13  Barracks  
  49  4:19  SCV, Marine  
  49  4:22  SCV  
  52  4:24  Barracks  
  52  4:31  SCV  
  52  4:34  SCV  
  52  4:36  Starport Reactor  
  52  4:37  Marine  
  52  4:38  Engineering Bay  
  55  4:39  Engineering Bay  
  55  4:42  Refinery  
  55  4:44  Refinery, SCV  
  56  4:46  SCV  
  56  4:52  Supply Depot  
  57  4:54  Siege Tank  
  57  4:55  Marine  
  57  4:58  SCV  
  62  5:05  Terran Infantry Weapons Level 1, Terran Infantry Armor Level 1  
  62  5:07  Marine x2  
  64  5:14  SCV  
  64  5:18  Marine  
  64  5:19  SCV  
  67  5:23  Marine x2  
  67  5:24  Medivac x2  
  67  5:25  Marine  
  67  5:26  SCV  
  75  5:30  Marine, Supply Depot  
  75  5:31  SCV  
  75  5:34  Siege Tank  
  80  5:37  Supply Depot  
  80  5:38  SCV  
  80  5:41  Orbital Command  
  81  5:43  SCV, Marine  
  81  5:49  Marine x2  
  84  5:52  SCV, Marine  
  84  5:53  Marine  
  84  5:55  SCV, Supply Depot  
  89  5:57  Medivac  
  89  5:59  Medivac  
  93  6:04  SCV  
  93  6:05  Combat Shields  
  93  6:06  Marine  
  93  6:07  SCV, Marine  
  97  6:15  Marine  
  97  6:16  SCV  
  97  6:17  SCV  
  97  6:18  Supply Depot  
  100  6:19  Marine x2, Supply Depot  
  100  6:22  SCV  
  103  6:25  Marine  
  103  6:26  Armory  
  103  6:29  SCV, Siege Tank  
  105  6:37  SCV, Barracks  
  105  6:39  Barracks  
  106  6:40  Marine, Medivac  
  109  6:48  Refinery, SCV  
  109  6:49  Marine  
  109  6:50  Factory  
  109  6:51  Refinery, Marine  
  109  6:53  SCV, Marine  
  114  6:57  Marine  
  114  6:59  SCV  
  114  7:01  Supply Depot  
  116  7:02  Marine, Supply Depot  
  116  7:05  Siege Tank  
  120  7:12  SCV, Supply Depot  
  120  7:13  Marine  
  122  7:16  Terran Infantry Weapons Level 2  
  122  7:24  Marine  
  122  7:25  Marauder, Medivac  
  122  7:27  Marine x2  
  126  7:30  Medivac  
  126  7:35  Marine  
  115  7:42  Marine, Barracks Reactor  
  115  7:44  Barracks Reactor, Factory Tech Lab  
  104  7:45  Marine x2  
  104  7:46  Marauder  
  104  7:50  Terran Infantry Armor Level 2  
  105  7:53  Marine  
  105  7:55  Medivac  
  108  7:59  Terran Vehicle Weapons Level 1  
  108  8:00  Marine  
  108  8:03  Marine x2  
  108  8:05  Supply Depot  
  111  8:07  Siege Tank, Marine  
  111  8:10  Command Center  
  111  8:11  Marine  
  116  8:13  Siege Tank  
  116  8:17  Medivac  
  116  8:18  Marine x3  
  116  8:19  Marine  
  124  8:20  Marine  
  124  8:21  Marine x2  
  124  8:25  Marine  
  128  8:28  Command Center  
  128  8:29  Marine  
  128  8:31  Medivac  
  131  8:35  Marine  
  131  8:36  Marine x2  
  131  8:37  Marine  
  131  8:38  Marine x2  
  131  8:39  Marine  
  138  8:43  Marine  
  138  8:45  Sensor Tower  
  138  8:46  Marine  
  140  8:49  Siege Tank  
  140  8:53  Marine  
  140  8:54  Siege Tank, Marine x2  
  140  8:55  Marine  
  149  8:56  Marine x2  
  149  8:57  Marine, Medivac  
  149  9:01  Marine  
  156  9:04  Marine  
  157  9:13  Supply Depot  
  157  9:14  Supply Depot  
  157  9:18  Marine  
  157  9:19  Marine  
  157  9:22  Marine  
  157  9:24  Marine x2  
  157  9:25  Marine x3  
  157  9:30  Marine, Supply Depot  
  156  9:35  Siege Tank x2  
  156  9:36  Marine  
  156  9:37  Marine  
  164  9:40  Marine  
  164  9:42  Marine x2  
  164  9:43  Marine x3  
  164  9:48  Marine  
  162  9:53  Marine  
  162  9:55  Marine  
  162  9:58  Marine  
  162  9:59  Marine  
  162  10:00  Marine x2  
  162  10:01  Marine x2  
  162  10:06  Marine  
  163  10:07  Siege Tank  
  163  10:08  Siege Tank  
  163  10:11  Marine  
  163  10:13  Marine  
  167  10:16  Marine  
  167  10:17  Marine  
  167  10:18  Marine x3  
  167  10:19  Marine  
  170  10:24  Marine  
  171  10:29  Marine  
  171  10:31  Marine  
  171  10:33  Marine  
  171  10:35  Marine  
  174  10:36  Marine x3  
  174  10:37  Marine  
  174  10:42  Marine  
  183  10:47  Marine  
Tags
 
Add a new tag
Caveats
  • Supply blocks, unpowered buildings, or Contaminate may cause inaccurate times.
  • Supply counts are checked every 10 seconds.